 Dungeon Crawl Stone Soup version 0.31.0-32-g396128a36d (webtiles) character file.

Game seed: 6902049137916896504

869 bnorton916 the Firebug (level 7, -11/36 HPs)
             Began as a Deep Elf Fire Elementalist on Apr 14, 2024.
             Mangled by an ogre
             ... wielding a +0 giant club
              (24 damage)
             ... on level 6 of the Dungeon.
             The game lasted 00:10:36 (9436 turns).

bnorton916 the Firebug (Deep Elf Fire Elementalist) Turns: 9436, Time: 00:10:37

Health: -11/36     AC:  3    Str: 11    XL:     7   Next: 73%
Magic:  10/17      EV: 12    Int: 22    God:
Gold:   262        SH:  0    Dex: 15    Spells: 9/16 levels left

rFire   . . .        w - +8 sling "Catzocoi" {freeze, Fly SInv}
rCold   . . .        (no shield)
rNeg    . . .        a - +0 robe
rPois   .            (no helmet)
rElec   .            B - +0 cloak
rCorr   .            (no gloves)
SInv    +            (no boots)
Will    .....        j - amulet of magic regeneration
Stlth   ++           f - +6 ring of strength
HPRegen 0.26/turn    (no ring)
MPRegen 0.55/turn

%: no passive effects
@: flying
A: no striking features
a: no special abilities


You were on level 6 of the Dungeon.
You visited 1 branch of the dungeon, and saw 6 of its levels.
You also visited: Ossuary.

You collected 262 gold pieces.

Inventory:

Hand Weapons
 k - a +2 heavy hand axe
 r - a +2 dagger of draining
 w - the +8 sling "Catzocoi" (weapon) {freeze, Fly SInv}
   (You found it on level 3 of the Dungeon)

   SInv:      It lets you see invisible.
   Fly:       It grants you flight.
 A - a +2 dagger of holy wrath
Missiles
 x - 19 stones
Armour
 a - a +0 robe (worn)
 B - a +0 cloak (worn)
Magical Staves
 p - a staff of death
 y - a staff of air
Jewellery
 f - a +6 ring of strength (left hand)
 j - an amulet of magic regeneration (around neck)
Wands
 C - a wand of polymorph (4)
Scrolls
 c - 2 scrolls of amnesia
 e - 3 scrolls of fog
 i - a scroll of teleportation {unknown}
 l - a scroll of acquirement {unknown}
 m - 3 scrolls of fear
 q - a scroll of vulnerability {unknown}
 s - 2 scrolls of revelation
 u - a scroll of torment
 v - a scroll of immolation {unknown}
Potions
 b - 2 potions of magic
 d - 3 potions of attraction
 g - a potion of enlightenment {unknown}
 h - 4 potions of degeneration
 n - 3 potions of brilliance
 o - a potion of invisibility {unknown}
 t - 5 potions of curing
 z - a potion of mutation {unknown}
 D - a potion of cancellation {unknown}


   Skills:
 - Level 4.0 Ranged Weapons
 - Level 2.4 Dodging
 - Level 2.4 Stealth
 - Level 5.4 Spellcasting
 + Level 5.6 Conjurations
 + Level 6.6 Fire Magic


You had 9 spell levels left.
You knew the following spells:

 Your Spells              Type           Power      Damage    Failure   Level
a - Foxfire               Conj/Fire      100%       2x1d9     1%          1
b - Scorch                Fire           70%        2d7       1%          2
c - Flame Wave            Conj/Fire      33%        2d10      8%          4

Your spell library contained the following spells:

 Spells                   Type           Power      Damage    Failure   Level
 Inner Flame              Hex/Fire       20%        N/A       8%          3
 Volatile Blastmotes      Fire/Tloc      40%        2d13      8%          3
 Dazzling Flash           Conj/Hex       36%        N/A       9%          3
 Starburst                Conj/Fire      16%        6d6       75%         6
 Maxwell's Capacitive Co  Air            2%         ∞         100%        8


Dungeon Overview and Level Annotations

Branches:
Dungeon (6/15)            Ossuary (visited)
 Temple: D:4-7

Altars:
Zin


Message History

Casting: Foxfire (safe; 1% risk of failure)
Confirm with . or Enter, or press ? or * to list all spells.
Flames lash the ogre.
The ogre is almost dead.
The ogre's fire resistance burns away.
You hear a shout!
An ogre comes into view. It is wielding a +0 giant club.
The ogre hits you with a +0 giant spiked club!
Casting: Scorch (safe; 1% risk of failure)
Confirm with . or Enter, or press ? or * to list all spells.
Flames lash the ogre.
The ogre is burned terribly!
The ogre is almost dead.
The ogre hits you with a +0 giant spiked club!
The ogre misses you.
Unknown command.
Casting: Scorch (safe; 1% risk of failure)
Confirm with . or Enter, or press ? or * to list all spells.
Flames lash the ogre.
The ogre is burned terribly!
You kill the ogre!
Unknown command.
Casting: Scorch (safe; 1% risk of failure)
Confirm with . or Enter, or press ? or * to list all spells.
Flames lash the ogre.
The ogre is lightly wounded.
The ogre's fire resistance burns away.
The ogre barely misses you.
Unknown command.
Casting: Scorch (safe; 1% risk of failure)
Confirm with . or Enter, or press ? or * to list all spells.
Flames lash the ogre.
The ogre is burned terribly!
The ogre is heavily wounded.
The ogre misses you.
Unknown command.
Casting: Scorch (safe; 1% risk of failure)
Confirm with . or Enter, or press ? or * to list all spells.
Flames lash the ogre.
The ogre is burned terribly!
The ogre is almost dead.
The ogre hits you with a +0 giant club!!
Ouch! That really hurt!
You die...

#.....# #.# ..
#.....# ##.#
...#.....####..#
...#.....##...#####
..................#
#...........#####.#
........####...<#.#
........####.#..#.#
.........O@#.####.#
P..####.##)#......#
... #.##.########
.. #+##.# ..# ..#
..# ...#


You could see an ogre (combustible).

Vanquished Creatures
  Menkaure (D:5)
  An ogre (D:6)
  2 scorpions (Ossuary)
  3 bombardier beetles
  A jelly (D:4)
  2 iguanas (D:5)
  Natasha (D:4)
  4 scorpion zombies (Ossuary)
  3 mummies (Ossuary)
  4 gnolls
  8 adders
  3 adder zombies (Ossuary)
  4 ribbon worms
  6 orcs
  7 ball pythons
  4 endoplasms
  2 giant cockroaches
  3 goblins
  5 hobgoblins
  3 quokkas
  3 bats
  2 frilled lizards
  3 gnoll zombies (Ossuary)
  4 jackal zombies (Ossuary)
  4 kobolds
  3 kobold zombies (Ossuary)
  8 rats
94 creatures vanquished.

Vanquished Creatures (others)
  372 foxfires
372 creatures vanquished.

Grand Total: 466 creatures vanquished

Notes
Turn   | Place    | Note
-------+----------+-------------------------------------------
     0 | D:1      | bnorton916 the Deep Elf Fire Elementalist began the quest
                  | for the Orb.
     0 | D:1      | Reached XP level 1. HP: 10/10 MP: 6/6
   635 | D:1      | Reached XP level 2. HP: 15/15 MP: 5/8
   698 | D:1      | Learned a level 2 spell: Scorch
  1434 | D:2      | Reached XP level 3. HP: 19/19 MP: 8/10
  1981 | D:2      | Reached skill level 4 in Fire Magic
  2226 | D:1      | Reached XP level 4. HP: 24/24 MP: 7/12
  3386 | D:3      | Identified the +8 sling "Catzocoi" {freeze, Fly SInv}
  4034 | D:4      | Reached skill level 5 in Spellcasting
  4034 | D:4      | Reached XP level 5. HP: 19/28 MP: 6/14
  4110 | D:4      | Identified the +1 pair of gloves of Gerit {-Cast rElec
                  | Will++ Str+2}
  4736 | D:4      | Learned a level 4 spell: Flame Wave
  5496 | D:4      | Noticed Natasha
  5502 | D:4      | Killed Natasha
  5523 | D:4      | Reached skill level 1 in Ranged Weapons
  5523 | D:4      | Reached XP level 6. HP: 24/32 MP: 12/16
  5793 | D:5      | Entered Level 5 of the Dungeon
  5902 | D:5      | Found a sand-covered staircase.
  5911 | Ossuary  | Entered an ossuary
  5926 | Ossuary  | Reached skill level 5 in Fire Magic
  7363 | Ossuary  | Reached XP level 7. HP: 18/36 MP: 9/17
  7678 | D:5      | Found a glowing silver altar of Zin.
  7749 | D:5      | Noticed Menkaure
  7753 | D:5      | Killed Menkaure
  7754 | D:5      | Reached skill level 6 in Fire Magic
  8090 | D:5      | Reached skill level 5 in Conjurations
  9436 | D:6      | Mangled by an ogre

Illustrated notes

Levels and vault maps discovered:
D:1:      erik_arrival_blinker_ship, layout_loops_ring
D:2:      layout_basic
D:3:      layout_loops_ring, kennysheep_pointless_box
D:4:      layout_gridville, amcnicky_mini_corridor_feature, uniq_natasha
D:5:      layout_layer_cave, mainiacjoe_overflow_tiny_flanked,
          mainiacjoe_ossuary_entry_dusty_tomb, uniq_menkaure
D:6:      layout_basic, minmay_temple_entry_mini_moons, serial_park_tiny_1,
          chequers_avenue, dilly_guarded_unrand_throatcut

Skill      XL: |  1  2  3  4  5  6  7 |
---------------+----------------------+-----
Conjurations   | 2 3 4 5 |  5.6
Spellcasting   | 4 5 |  5.4
Fire Magic     | 4 5 6 |  6.6
Ranged Weapons | 1 3 4 |  4.0
Dodging        | |  2.4
Stealth        | |  2.4

Action                     |  1- 3 |  4- 6 |  7- 9 || total
---------------------------+-------+-------+-------++-------
   Fire: Sling             |       |     4 |       ||     4
   Cast: Foxfire           |    74 |   126 |    19 ||   219
         Scorch            |     3 |    14 |    11 ||    28
         Flame Wave        |       |     2 |       ||     2
    Use: Scroll            |       |     4 |     5 ||     9
 Armour: Robe              |     2 |    21 |     4 ||    27
  Dodge: Dodged            |     6 |    17 |     3 ||    26
